 Dungeon Crawl Stone Soup version 0.23.2-1-ga50397a6bc (webtiles) character file.

Game seed: 2777360782476622681

109 Nattfarinn the Vexing (level 4, -1/30 HPs)
             Began as a Vampire Enchanter on May 28, 2019.
             Slain by a gnoll
             ... wielding a +0 club
              (8 damage)
             ... on level 1 of the Dungeon.
             The game lasted 00:06:04 (2240 turns).

Nattfarinn the Vexing (Vampire Enchanter)           Turns: 2240, Time: 00:06:05

Health: -1/30      AC:  2    Str:  7    XL:     4   Next: 60%
Magic:  0/7        EV: 13    Int: 17    God:
Gold:   68         SH:  0    Dex: 15    Spells: 1/7 levels left

rFire    . . .     SeeInvis +   a - +1 dagger
rCold    + + .     Gourm    .   (no shield)
rNeg     + + +     Faith    .   b - +0 robe
rPois    ∞         Spirit   .   (no helmet)
rElec    .         Reflect  .   (no cloak)
rCorr    .         Harm     .   (no gloves)
MR       .....                  (no boots)
Stlth    +++++.....             (no amulet)
HPRegen  0.00/turn              (no ring)
MPRegen  0.10/turn              (no ring)

@: bloodless, non-regenerating
A: fangs 3, see invisible, unbreathing
a: Bat Form


You were on level 1 of the Dungeon.
You were bloodless.

You visited 1 branch of the dungeon, and saw 2 of its levels.

You collected 68 gold pieces.

Inventory:

Hand Weapons
 a - a +1 dagger (weapon)
Armour
 b - a +0 robe (worn)
Scrolls
 c - a scroll of fog {unknown}
 d - a scroll of remove curse {unknown}
 e - a scroll of amnesia {unknown}
 g - a scroll of identify {unknown}
 h - a scroll of teleportation {unknown}
Potions
 f - a potion of lignification {unknown}
 q - 12 potions of blood


   Skills:
 - Level 1.1 Short Blades
 - Level 2.1 Dodging
 + Level 6.0 Stealth
 - Level 2.0 Spellcasting
 * Level 6.9 Hexes


You had one spell level left.
You knew the following spells:

 Your Spells              Type           Power        Failure   Level  Hunger
a - Corona                Hex            ####...      1%          1    #......
b - Ensorcelled Hibernat  Hex/Ice        ##....       7%          2    ###....
c - Confuse               Hex            ####....     3%          3    ###....

Your spell library contained the following spells:

 Spells                   Type           Power        Failure   Level  Hunger
 Tukima's Dance           Hex            ####....     3%          3    ###....
 Dazzling Spray           Conj/Hex       ##....       14%         3    ###....


Dungeon Overview and Level Annotations

Branches:
Dungeon (2/15)

Altars:


Innate Abilities, Weirdness & Mutations

You do not heal naturally.
You are immune to poison.
You have razor-sharp teeth.
You have supernaturally acute eyesight. (SInv)
You can survive without breathing.


Message History

You miscast Ensorcelled Hibernation.
You are very lightly contaminated with residual magic.
You hear an indistinct dissonance whispering inside your mind.
The gnoll barely misses you.
Casting: Ensorcelled Hibernation (safe; 7% risk of failure)
Confirm with . or Enter, or press ? or * to list all spells.
Aiming: Ensorcelled Hibernation (safe; 7% risk of failure)
Press: ? - help, Shift-Dir - straight line, f/p - gnoll
Aim: a gnoll, wielding a +0 club (chance to defeat MR: 52%)
The gnoll resists with significant effort.
The gnoll barely misses you.
Your magical contamination has completely faded away.
Casting: Ensorcelled Hibernation (safe; 7% risk of failure)
Confirm with . or Enter, or press ? or * to list all spells.
Aiming: Ensorcelled Hibernation (safe; 7% risk of failure)
Press: ? - help, Shift-Dir - straight line, f/p - gnoll
Aim: a gnoll, wielding a +0 club (chance to defeat MR: 52%)
The gnoll resists with significant effort.
The gnoll hits you with a +0 club!
You die...

#.# #.# #.# #.# #.# #.######## #
#.# #.##.....# # #.# #.##.###.# #
########.# #)##.###.#####
######........######(##.#........
...........................>#####
#.###..........g@...............#
#.# #..#############.##.#.#.#.#.#
#.# #..#.........#......#.#...#.#
#.# #.......####.#.#.#..#.##PP..#
#.# #.##.##.# #.#.#.#..#....P.P.
#.# #.#...#.# #.#.#.#....≈P≈P≈PP
#.# #.#...#.# #.#.#.#...P≈♣≈P≈≈≈
#.# #.#...#.####.#.#.#..P≈♣♣♣♣♣♣≈
#.# #.#...#......#...#..P≈♣♣ ♣≈≈


You could see a gnoll.

Vanquished Creatures
  5 gnolls (D:2)
  2 adders (D:2)
  A worm (D:2)
  3 dart slugs (D:1)
  A leopard gecko (D:2)
  2 ball pythons (D:1)
  A giant cockroach (D:2)
  5 goblins
  5 hobgoblins
  6 bats
  2 frilled lizards (D:1)
  A kobold (D:1)
  5 rats
39 creatures vanquished.

Notes
Turn   | Place    | Note
-------+----------+-------------------------------------------
     0 | D:1      | Nattfarinn the Vampire Enchanter began the quest for the
                  | Orb.
     0 | D:1      | Reached XP level 1. HP: 13/13 MP: 3/3
   876 | D:1      | Reached skill level 5 in Hexes
   876 | D:1      | Reached XP level 2. HP: 17/19 MP: 5/5
   886 | D:1      | Learned a level 2 spell: Ensorcelled Hibernation
  1126 | D:1      | Reached skill level 5 in Stealth
  1515 | D:2      | Reached XP level 3. HP: 24/24 MP: 6/6
  1559 | D:2      | Reached XP level 4. HP: 19/30 MP: 0/7
  1950 | D:2      | Learned a level 3 spell: Confuse
  2240 | D:1      | Slain by a gnoll

Skill      XL: |  1  2  3  4 |
---------------+-------------+-----
Hexes          | 5 6 |  6.9
Stealth        | 5 6 |  6.0
Short Blades   | |  1.1
Dodging        | |  2.1
Spellcasting   | |  2.0

Action                   |  1- 3 |  4- 6 || total
-------------------------+-------+-------++-------
Melee: Dagger            |    75 |    40 ||   115
       Bite              |     5 |     1 ||     6
 Cast: Ensorcelled Hiber |     7 |     6 ||    13
       Confuse           |       |     2 ||     2
 Stab: Sleeping          |    11 |     6 ||    17
       Confused          |       |     1 ||     1
Armor: Robe              |    12 |     4 ||    16
Dodge: Dodged            |    45 |    37 ||    82
